 Dungeon Crawl Stone Soup version 0.29-a0-451-gfbfa42419e (webtiles) character file.

Game seed: 11369196230871420261

86 happo123 the Ducker (level 4, -3/31 HPs)
             Began as a Djinni Earth Elementalist on May 19, 2022.
             Killed from afar by an orc wizard (4 damage)
             ... with a puff of flame
             ... on level 3 of the Dungeon.
             The game lasted 00:11:17 (2819 turns).

happo123 the Ducker (Djinni Earth Elementalist)     Turns: 2819, Time: 00:11:18

Health: -3/31      AC:  2    Str:  7    XL:     4   Next: 77%
Gold:   103        EV: 13    Int: 18    God:
                   SH:  0    Dex: 14

rFire   + . .      SeeInvis .   (no weapon)
rCold   . . .      Faith    .   (no shield)
rNeg    . . .      Spirit   .   b - +0 robe
rPois   ∞          Reflect  .   (no helmet)
rElec   .          Harm     .   (no cloak)
rCorr   .          Rampage  .   (no gloves)
Will    .....                   (boots unavailable)
Stlth   ++........              (no amulet)
HPRegen 0.10/turn               l - ring of ice
MPRegen 0.00/turn               (no ring)

@: flying
A: sickness immunity, fire resistance 2, cold vulnerability 1, float, innate
caster, HP casting, extra vitality 1
a: no special abilities


You were on level 3 of the Dungeon.
You visited 1 branch of the dungeon, and saw 3 of its levels.

You collected 103 gold pieces.

Inventory:

Hand Weapons
 g - a +0 dagger of protection
Missiles
 i - 68 stones
Armour
 b - a +0 robe (worn)
Magical Staves
 e - a staff of cold
Jewellery
 l - a ring of ice (left hand)
Wands
 q - a wand of mindburst (8)
 r - a wand of iceblast (11)
Scrolls
 c - 2 scrolls of identify {unknown}
 d - a scroll of poison {unknown}
 f - 3 scrolls of enchant armour {unknown}
 h - 2 scrolls of fear {unknown}
 m - a scroll of noise {unknown}
 n - 2 scrolls of blinking {unknown}
 p - a scroll of enchant weapon {unknown}
Potions
 a - 2 potions of curing {unknown}
 j - 2 potions of mutation {unknown}
 k - a potion of resistance {unknown}
 o - a potion of brilliance {unknown}


   Skills:
 + Level 3.2 Dodging
 + Level 2.5 Stealth
 + Level 2.9 Spellcasting
 + Level 0.8 Invocations
 + Level 0.7 Evocations


You couldn't memorise any spells.
You knew the following spells:

 Your Spells              Type           Power      Damage    Failure   Level
a - Sandblast             Erth           26%        2d8       4%          1
b - Passwall              Tmut/Erth      10%        N/A       8%          2
c - Stone Arrow           Conj/Erth      26%        3d8       14%         3
d - Petrify               Tmut/Erth      13%        N/A       43%         4
e - Freeze                Ice            76%        1d9       4%          1
Your spell library was empty.

Dungeon Overview and Level Annotations

Branches:
Dungeon (3/15)

Altars:


Innate Abilities, Weirdness & Mutations

You are immune to sickness and miasma.
You are immune to poison.
Your flesh is very heat resistant. (rF++)
You are vulnerable to cold. (rC-)
You float through the air rather than walking.
You learn spells naturally, not from books.
Your magical power is your life essence.
You have superior vitality. (+4 MHP)


Message History

Aiming: Sandblast (safe; 4% risk of failure)
Press: ? - help, Q - select action, (/) - cycle Shift-Dir - straight line, f/p - orc wizard
Aim: an orc wizard, wielding a +0 dagger and wearing a +0 robe (74% to hit)
The blast of sand hits the orc wizard.
The orc wizard is heavily wounded.
The jelly quivers.
Aiming: Sandblast (safe; 4% risk of failure)
Press: ? - help, Q - select action, (/) - cycle Shift-Dir - straight line, f/p - orc wizard
Aim: an orc wizard, wielding a +0 dagger and wearing a +0 robe (heavily wounded, 74% to hit)
The blast of sand misses the orc wizard.
The orc wizard misses you.
Aiming: Sandblast (safe; 4% risk of failure)
Press: ? - help, Q - select action, (/) - cycle Shift-Dir - straight line, f/p - orc wizard
Aim: an orc wizard, wielding a +0 dagger and wearing a +0 robe (heavily wounded, 74% to hit)
The blast of sand misses the orc wizard.
The orc wizard gestures at you while chanting.
You are confused.
Your magical contamination has completely faded away.
You're too confused to cast spells.
You bump into the rock wall.
The orc wizard casts a spell at you. The magic dart hits you!
* * * LOW HITPOINT WARNING * * *
You're too confused to cast spells.
You barely miss the orc wizard.
The orc wizard is heavily wounded.
The orc wizard completely misses you.
You hit the orc wizard but do no damage.
The orc wizard is heavily wounded.
The orc wizard hits you but does no damage.
You're too confused to move!
The jelly closely misses you. The orc wizard closely misses you.
You hit the jelly.
Your hands burn!
* * * LOW HITPOINT WARNING * * *
The jelly is lightly wounded.
You feel less confused. The jelly closely misses you.
The orc wizard casts a spell at you. The puff of flame hits you. You resist.
You die...

...... ...# #..###...#.
..####### ..........
..#.).?.# .#..##...####
......... ....##......##
#........
..#.##...##..###........
.....#...#..........)...
.....⌠.....#####........
..........## #@.......
.⌠.>....### #...oJ......
.......## #.##))......
.....⌠## ##.. .).......
...)..####...o )........
.#........... ..........
.#.<......# .#........
........#### #.#.#.....#
......[....#


You could see a jelly and an orc wizard.

Vanquished Creatures
  An orc wizard (D:3)
  A worm (D:2)
  3 orcs (D:3)
  3 bats
  4 endoplasms
  A giant cockroach (D:1)
  4 goblins
  3 hobgoblins (D:1)
  9 jackals
  7 kobolds
  4 quokkas
  3 ball pythons
  2 frilled lizards
  A rat (D:1)
46 creatures vanquished.

Notes
Turn   | Place    | Note
-------+----------+-------------------------------------------
     0 | D:1      | happo123 the Djinni Earth Elementalist began the quest for
                  | the Orb.
     0 | D:1      | Reached XP level 1. HP: 15/15 MP: 0/0
   235 | D:1      | Reached XP level 2. HP: 13/21 MP: 0/0
   612 | D:1      | Reached XP level 3. HP: 19/25 MP: 0/0
   612 | D:1      | Learned a level 1 spell: Freeze
  1955 | D:2      | Reached skill level 3 in Dodging
  2373 | D:2      | Reached XP level 4. HP: 9/31 MP: 0/0
  2819 | D:3      | HP: 1/31 [acid (3)]
  2819 | D:3      | Killed from afar by an orc wizard

Illustrated notes

Levels and vault maps discovered:
D:1:      wheals_arrival_linesprint, layout_rooms
D:2:      layout_basic, serial_rivers, chequers_serial_rivers_micro_d,
          chequers_serial_rivers_room_b, chequers_serial_rivers_micro_d,
          chequers_serial_rivers_small_b, chequers_serial_rivers_micro_a,
          chequers_serial_rivers_marsh, dk_noncrumbling_3
D:3:      layout_rooms, chequers_serial_rivers_small_3, grunt_ministairs_1

Skill      XL: |  1  2  3 |
---------------+----------+-----
Stealth        | 2 |  2.5
Dodging        | 3 |  3.2
Spellcasting   | |  2.9
Invocations    | |  0.8
Evocations     | |  0.7

Action                   |  1- 3 |  4- 6 || total
-------------------------+-------+-------++-------
Melee: Unarmed           |       |     3 ||     3
 Cast: Sandblast         |    44 |     9 ||    53
       Stone Arrow       |    17 |     2 ||    19
Armor: Robe              |     3 |     1 ||     4
Dodge: Dodged            |    13 |     6 ||    19

Table legend: (Time is in decaauts)
 A = Elapsed time spent in this place.
 B = Non-inter-level travel time spent in this place.
 C = Inter-level travel time spent in this place.
 D = Time resting spent in this place.
 E = Time spent auto-exploring this place.
 F = Levels seen in this place.
 G = Mean time per level.
                   A        B        C        D        E       F      G
               +--------+--------+--------+--------+--------+-----+--------+
         Total |   2818 |   2634 |    184 |    508 |   1923 |   3 |  939.3 |
       Dungeon |   2818 |   2634 |    184 |    508 |   1923 |   3 |  939.3 |
               +--------+--------+--------+--------+--------+-----+--------+

Top non-repeatable levels by time:
     D:1: 1574 daAuts
     D:2: 1115 daAuts
     D:3: 128 daAuts
